 Dungeon Crawl Stone Soup version 0.30-a0-782-ge64f9170bb (webtiles) character file.

Game seed: 3768267236629649542

609 theswoord the Skirmisher (level 7, -2/38 HPs)
             Began as a Deep Elf Hunter on Feb 23, 2023.
             Splashed by a jelly's acid (6 damage)
             ... on level 5 of the Dungeon.
             The game lasted 00:04:45 (3964 turns).

theswoord the Skirmisher (Deep Elf Hunter)          Turns: 3964, Time: 00:04:45

Health: -2/38      AC: -1    Str: 10    XL:     7   Next: 19%
Magic:  9/9        EV:  9    Int: 14    God:
Gold:   206        SH:  0    Dex: 18    Spells: 6/6 levels left

rFire   . . .      SeeInvis .    a - +0 shortbow (chaos)
rCold   . . .      Faith    .    (shield currently unavailable)
rNeg    . . .      Spirit   .    i - +1 scale mail
rPois   .          Reflect  .    (no helmet)
rElec   .          Harm     .    (no cloak)
rCorr   .          Rampage  .    (no gloves)
Will    .....                    (no boots) Stlth
                                 (no amulet)
HPRegen 0.26/turn                (no ring)
MPRegen 0.11/turn                (no ring)

@: confused, corroded
A: no striking features
a: no special abilities


You were on level 5 of the Dungeon.
You visited 1 branch of the dungeon, and saw 5 of its levels.

You collected 206 gold pieces.

Inventory:

Hand Weapons
 a - a +0 shortbow of chaos (weapon)
 f - a +0 whip
 l - a +4 short sword
Armour
 c - a +0 leather armour
 i - a +1 scale mail (worn)
 q - a scarf of harm
Jewellery
 h - a +4 ring of protection
 k - a ring of ice
Scrolls
 b - a scroll of immolation
 m - a scroll of identify
 r - a scroll of teleportation
 t - a scroll of blinking {unknown}
Potions
 d - a potion of curing
 e - a potion of heal wounds
 g - a potion of might {unknown}
 j - 2 potions of cancellation {unknown}
 n - a potion of mutation {unknown}
 o - a potion of resistance {unknown}
 p - a potion of ambrosia {unknown}
 s - a potion of magic {unknown}


   Skills:
 - Level 1.5 Fighting
 + Level 11.4 Ranged Weapons
 - Level 2.4 Dodging
 - Level 1.2 Stealth


You had 6 spell levels left.
You didn't know any spells.
Your spell library contained the following spells:

 Spells                   Type           Power      Damage    Failure   Level
 Sandblast                Erth           0%         2d4       91%         1
 Lesser Beckoning         Tloc           0%         N/A       97%         2
 Passwall                 Tmut/Erth      0%         N/A       97%         2
 Sublimation of Blood     Necr           0%         N/A       97%         2
 Wereblood                Tmut           0%         N/A       97%         2
 Gell's Gravitas          Tloc           0%         N/A       99%         3
 Stone Arrow              Conj/Erth      0%         3d7       99%         3
 Teleport Other           Tloc           0%         N/A       99%         3
 Anguish                  Hex/Necr       0%         N/A       100%        4
 Animate Dead             Necr           0%         N/A       100%        4


Dungeon Overview and Level Annotations

Branches:
Dungeon (5/15)
 Temple: D:4-7

Altars:
Hepliaklqana
Xom

Shops:
D:5 *

Annotations:
D:4 1 runed translucent door, Crazy Yiuf


Message History

You kill the orc!
The orc hits you but does no damage. Something hits you. Something burns you.
You shoot an arrow. The arrow hits the orc!
The arrow burns the orc.
You kill the orc!
Something hits you but does no damage.
You shoot an arrow. The arrow hits the jelly.
The arrow freezes the jelly.
The jelly closely misses you. Something hits you but does no damage.
You shoot an arrow. The arrow hits the jelly.
The jelly goes berserk!
The jelly barely misses you. Something hits you but does no damage.
The jelly hits you but does no damage.
You shoot an arrow. The arrow hits the jelly.
The jelly hits you but does no damage. Something hits you but does no damage.
The jelly hits you but does no damage.
You shoot an arrow. The arrow barely misses the jelly.
You hear some strange, mumbled words.
You are confused.
The jelly hits you but does no damage. Something completely misses you.
You are too confused!
You are too confused!
You are too confused!
Unknown command.
You bump into the rock wall.
The jelly hits you but does no damage. The jelly hits you.
The acid corrodes you!
You are splashed with acid!
Something hits you.
* * * LOW HITPOINT WARNING * * *
Something burns you.
* * * LOW HITPOINT WARNING * * *
You're too confused to move!
The jelly hits you.
* * * LOW HITPOINT WARNING * * *
You are splashed with acid!
* * * LOW HITPOINT WARNING * * *
Something hits you.
* * * LOW HITPOINT WARNING * * *
Something burns you.
* * * LOW HITPOINT WARNING * * *
You clumsily bash something but do no damage.
The jelly hits you.
* * * LOW HITPOINT WARNING * * *
The acid corrodes you!
You are splashed with acid.
You die...

#.#.#.# #. #.#.#.#
#. #.....# #.
###.### #. #.# #.
### #.# #. ##.## #.#
#J#####.#.## #.###
#{@....###.# #.##.
###...#.#.#####.#..
+...................
####...##.######.#..
##.###.# #.##. ###
#.# #.### #.# #.# #.
####.### #. #.......


You could see a jelly (berserk).

Vanquished Creatures
  Sigmund (D:3)
  A phantom (D:5)
  A scorpion (D:4)
  A hound (D:5)
  An iguana (D:4)
  5 orc wizards
  2 adders (D:4)
  4 gnolls (D:3)
  A white imp (D:5)
  2 worms
  2 dart slugs
  11 orcs
  4 ball pythons
  5 endoplasms
  A giant cockroach (D:3)
  5 goblins
  4 hobgoblins (D:1)
  2 jackals (D:4)
  8 kobolds
  3 quokkas
  5 bats
  5 frilled lizards
  4 rats (D:1)
78 creatures vanquished.

Notes
Turn   | Place    | Note
-------+----------+-------------------------------------------
     0 | D:1      | theswoord the Deep Elf Hunter began the quest for the Orb.
     0 | D:1      | Reached XP level 1. HP: 12/12 MP: 3/3
   161 | D:1      | Reached skill level 6 in Ranged Weapons
   161 | D:1      | Reached XP level 2. HP: 16/16 MP: 4/4
   798 | D:2      | Got the Vellum of Transforming Despicable Secrets
   873 | D:2      | Reached XP level 3. HP: 20/20 MP: 5/5
  1559 | D:3      | Noticed Sigmund
  1567 | D:3      | Killed Sigmund
  1568 | D:3      | Reached skill level 9 in Ranged Weapons
  1568 | D:3      | Reached XP level 4. HP: 25/25 MP: 6/6
  1568 | D:3      | Reached XP level 5. HP: 29/29 MP: 7/7
  2479 | D:4      | Found a shimmering altar of Xom.
  2666 | D:4      | Reached XP level 6. HP: 34/34 MP: 8/8
  2668 | D:4      | Found a hazy altar of Hepliaklqana.
  2762 | D:4      | Found a runed translucent door.
  2763 | D:4      | Noticed Crazy Yiuf
  3027 | D:4      | Reached skill level 10 in Ranged Weapons
  3597 | D:5      | Entered Level 5 of the Dungeon
  3602 | D:5      | Found Abankeho's General Store.
  3798 | D:5      | Reached skill level 11 in Ranged Weapons
  3798 | D:5      | Reached XP level 7. HP: 38/38 MP: 9/9
  3964 | D:5      | Splashed by a jelly's acid

Skill      XL: |  1  2  3  4  5  6 |
---------------+-------------------+-----
Ranged Weapons | 6 9 11 | 11.4
Fighting       | |  1.5
Dodging        | |  2.4
Stealth        | |  1.2

Action                     |  1- 3 |  4- 6 |  7- 9 || total
---------------------------+-------+-------+-------++-------
  Melee: Shortbow          |       |       |     1 ||     1
   Fire: Shortbow          |    74 |   127 |    23 ||   224
    Use: Scroll            |     7 |     4 |       ||    11
         Potion            |       |     2 |       ||     2
 Armour: Leather armour    |     4 |     2 |       ||     6
         Scale mail        |       |    24 |    15 ||    39
  Dodge: Dodged            |     8 |    22 |    10 ||    40

Levels and vault maps discovered:
D:1:      evilmike_arrival_grusome_pit, layout_loops_ring
D:2:      layout_basic
D:3:      layout_loops_ring, serial_aquarium, aquarium_bridge_square
          [aquarium_subvault_bridge, aquarium_subvault_balcony,
          aquarium_subvault_bridge, aquarium_subvault_wall],
          aquarium_bridge_straight [aquarium_subvault_bridge,
          aquarium_subvault_balcony, aquarium_subvault_bridge,
          aquarium_subvault_window], aquarium_window_1, aquarium_window_1,
          aquarium_window_3, aquarium_window_1, aquarium_view_2b,
          aquarium_view_2b, aquarium_pool_1, uniq_sigmund
D:4:      layout_loops_cross, mainiacjoe_overflow_concentric_impassable,
          mainiacjoe_overflow_24_doors, nicolae_nh_ransacked_shop,
          uniq_crazy_yiuf_cottage
D:5:      layout_loops_corners, ebering_ghost_rock_garden, serial_shops, shop
